[Event "Titled Tuesday Blitz March 01 Late 2022"]
[White "Mekhitarian, Krikor Sevag"]
[Black "Mickiewicz, Piotr"]
[WhiteFideId "2107660"]
[BlackFideId "1114891"]
[WhiteElo "2598"]
[BlackElo "2266"]
[Result "1-0"]
[Round "04"]
[TimeControl "180+1"]
[Date "2022.03.02"]
[WhiteClock "0:01:11"]
[BlackClock "0:01:41"]

1. e4 c5 2. Nf3 e6 3. d4 cxd4 4. Nxd4 Nf6 5. Nc3 d6 6. g4 a6 7. g5 Nfd7 8. h4 b5 9. a3 Bb7 10. Qh5 g6 11. Qe2 Bg7 12. Be3 Nc6 13. O-O-O Rc8 14. Kb1 Nce5 15. f4 Nc4 16. Bc1 Nxa3+ 17. bxa3 Rxc3 18. Bb2 Qc7 19. Bxc3 Qxc3 20. Rh3 Qc5 21. Qd2 Bxe4 22. Rc3 Qb6 23. Rc8+ Ke7 24. Nc6+ Qxc6 25. Rxc6 Bd5 26. Bg2 1-0


[Site "https://www.chess.com"]

[Event "Titled Tuesday Blitz March 01 Late 2022"]
[White "Migot, Tangi"]
[Black "Coelho, Ramyres Santana"]
[WhiteFideId "662445"]
[BlackFideId "2120690"]
[WhiteElo "2499"]
[BlackElo "1888"]
[Result "1-0"]
[Round "04"]
[TimeControl "180+1"]
[Date "2022.03.02"]
[WhiteClock "0:00:22"]
[BlackClock "0:00:06"]

1. d4 Nf6 2. Nf3 g6 3. Nc3 Bg7 4. e4 d6 5. Be3 Ng4 6. Bg5 h6 7. Bh4 g5 8. Bg3 O-O 9. h4 f6 10. Bc4+ e6 11. hxg5 fxg5 12. Qe2 Nc6 13. O-O-O a6 14. d5 Na5 15. dxe6 Nxc4 16. Qxc4 Qe7 17. Nd4 Bxd4 18. Qxd4 Qxe6 19. f3 Ne5 20. Nd5 Rf7 21. f4 Nc6 22. Qd3 g4 23. f5 Qd7 24. Rxh6 Qd8 25. Rdh1 Qg5+ 26. Bf4 Qg7 27. f6 Ne5 28. Bxe5 dxe5 29. fxg7 Be6 30. Rh8+ Kxg7 31. R1h7+ Kg6 32. Rh6+ Kg7 33. Rxa8 Kxh6 34. Qe3+ Kg6 35. Rh8 Rf1+ 36. Kd2 Kf7 37. Qh6 Bxd5 38. Rf8+ Ke7 39. Rxf1 Bf7 40. Qf6+ Kd7 41. Qxf7+ Kc6 42. Qd5+ Kb6 43. Qxe5 c6 44. Rf7 a5 45. Qc7+ Ka6 46. Qxb7# 1-0


[Site "https://www.chess.com"]

[Event "Titled Tuesday Blitz March 01 Late 2022"]
[White "Mirzoev, Azer"]
[Black "Corrales Jimenez, Fidel"]
[WhiteFideId "13400304"]
[BlackFideId "3506690"]
[WhiteElo "2525"]
[BlackElo "2541"]
[Result "0-1"]
[Round "04"]
[TimeControl "180+1"]
[Date "2022.03.01"]
[WhiteClock "0:01:20"]
[BlackClock "0:01:41"]

1. d4 Nf6 2. Nf3 g6 3. g3 Bg7 4. Bg2 O-O 5. O-O d5 6. Nbd2 Re8 7. c4 Nc6 8. e3 e5 9. Nxe5 Nxe5 10. dxe5 Rxe5 11. Nf3 Re8 12. Qb3 dxc4 13. Qxc4 Be6 14. Qc2 Bf5 15. Qb3 Be4 16. Rd1 Bd5 17. Qc2 c6 18. Bd2 Ne4 19. Be1 Qb6 20. Nd4 Rad8 21. b4 Ng5 22. h4 Bxg2 23. Kxg2 Bxd4 24. exd4 Ne6 25. Bc3 Nxd4 26. Qb2 c5 27. bxc5 Qc6+ 28. Kh3 Qe6+ 29. Kg2 Qe4+ 30. Kh3 Qf5+ 31. Kg2 Qf3+ 32. Kh3 Ne2 33. Rxd8 Nf4+ 0-1


[Site "https://www.chess.com"]

[Event "Titled Tuesday Blitz March 01 Late 2022"]
[White "Miszler, Levente"]
[Black "Csonka, Balazs"]
[WhiteFideId "763276"]
[BlackFideId "742910"]
[WhiteElo "1966"]
[BlackElo "2404"]
[Result "0-1"]
[Round "04"]
[TimeControl "180+1"]
[Date "2022.03.02"]
[WhiteClock "0:00:01"]
[BlackClock "0:00:17"]

1. g4 b5 2. b4 h5 3. g5 h4 4. a4 Bb7 5. Nf3 a6 6. Nc3 Rh5 7. axb5 axb5 8. Rxa8 Bxa8 9. Nxb5 Bxf3 10. exf3 Rxg5 11. d4 Rh5 12. f4 Nf6 13. Be2 Rh8 14. Be3 e6 15. O-O c6 16. Nc3 Bxb4 17. Qd3 d5 18. Rb1 Bd6 19. f5 e5 20. dxe5 Bxe5 21. Bb6 Qd6 22. Bf3 Bxh2+ 23. Kg2 Nbd7 24. Re1+ Kf8 25. Bd4 Be5 26. Bxe5 Nxe5 27. Qd4 h3+ 28. Kg3 Nd3+ 0-1


[Site "https://www.chess.com"]

[Event "Titled Tuesday Blitz March 01 Late 2022"]
[White "Moral Garcia, Serafin"]
[Black "Burke, Paul"]
[WhiteFideId "2201925"]
[BlackFideId "2605767"]
[WhiteElo "2228"]
[BlackElo "1819"]
[Result "1-0"]
[Round "04"]
[TimeControl "180+1"]
[Date "2022.03.02"]
[WhiteClock "0:01:57"]
[BlackClock "0:01:29"]

1. e4 e5 2. Nf3 Nc6 3. Bb5 f5 4. d3 Nf6 5. O-O Be7 6. exf5 O-O 7. Nc3 d6 8. Bc4+ Kh8 9. Be6 Bxe6 10. fxe6 h6 11. Re1 Nd4 12. Nxd4 exd4 13. Ne4 Nxe4 14. Rxe4 c5 15. Qh5 Qe8 16. Qxe8 Raxe8 17. Bd2 Bf6 18. Rae1 Re7 19. c3 dxc3 20. Bxc3 Bxc3 21. bxc3 b6 22. f4 d5 23. Re5 Rxf4 24. Rxd5 Ra4 25. Rd7 Re8 26. e7 Kg8 27. Rf1 Rxa2 28. Rd8 1-0


[Site "https://www.chess.com"]

[Event "Titled Tuesday Blitz March 01 Late 2022"]
[White "Muradli, Mahammad"]
[Black "Sadhwani, Raunak"]
[WhiteFideId "13409301"]
[BlackFideId "35093487"]
[WhiteElo "2645"]
[BlackElo "2616"]
[Result "1/2-1/2"]
[Round "04"]
[TimeControl "180+1"]
[Date "2022.03.01"]
[WhiteClock "0:00:03"]
[BlackClock "0:00:04"]

1. c4 e5 2. d3 Nc6 3. Nc3 Nf6 4. g3 d5 5. cxd5 Nxd5 6. Bg2 Be6 7. Nf3 Be7 8. O-O O-O 9. Bd2 f6 10. Rc1 Qd7 11. a3 a5 12. Qc2 Nxc3 13. Bxc3 Rfd8 14. Rfd1 a4 15. Qb1 Nd4 16. Bxd4 exd4 17. Nd2 c6 18. Bf3 Ra5 19. Nc4 Rb5 20. Qc2 Ra8 21. Rb1 Bf8 22. Rdc1 Qf7 23. Qd2 h5 24. Qf4 Rd8 25. h4 g6 26. Qd2 Kh7 27. Qc2 Bh6 28. Re1 g5 29. hxg5 Rxg5 30. Kg2 h4 31. Rh1 hxg3 32. Nd2 Bb3 33. Qc1 gxf2+ 34. Kxf2 Kg7 35. Rxh6 Kxh6 36. Ne4 Kg6 37. Qf4 Rh8 38. Nxg5 fxg5 39. Qxd4 Qf6 40. Qe4+ Kg7 41. Rg1 Rh6 42. Qe3 Rg6 43. d4 Bd5 44. Ke1 Bxf3 45. exf3 Qe6 46. Kd2 Qxe3+ 47. Kxe3 Re6+ 48. Kd3 Kf6 49. Rg4 Kf5 50. d5 Rd6 51. Rxa4 Rxd5+ 52. Ke3 Rb5 53. b4 c5 54. bxc5 Rxc5 55. Kf2 b5 1/2-1/2


[Site "https://www.chess.com"]

[Event "Titled Tuesday Blitz March 01 Late 2022"]
[White "Nakamura, Hikaru"]
[Black "Maze, Sebastien"]
[WhiteFideId "2016192"]
[BlackFideId "613762"]
[WhiteElo "2850"]
[BlackElo "2462"]
[Result "1-0"]
[Round "04"]
[TimeControl "180+1"]
[Date "2022.03.01"]
[WhiteClock "0:02:11"]
[BlackClock "0:01:13"]

1. Nf3 Nf6 2. b3 g6 3. Bb2 Bg7 4. d4 O-O 5. e3 d6 6. Be2 a5 7. c4 e5 8. dxe5 Ng4 9. O-O Nc6 10. Nc3 Ngxe5 11. Nxe5 Nxe5 12. Qd2 Bd7 13. Rac1 Bc6 14. Rfd1 Nd7 15. Nd5 Bxb2 16. Qxb2 Bxd5 17. cxd5 Nc5 18. a3 Re8 19. b4 axb4 20. axb4 Na4 21. Qc2 Re7 22. h4 Nb6 23. h5 Qf8 24. Rd4 Qh6 25. Bf3 Rxe3 26. Qd2 1-0


[Site "https://www.chess.com"]

[Event "Titled Tuesday Blitz March 01 Late 2022"]
[White "Nasuta, Grzegorz"]
[Black "Perez Torres, Nabi Isaias"]
[WhiteFideId "1141686"]
[BlackFideId "5120373"]
[WhiteElo "2678"]
[BlackElo "2272"]
[Result "1/2-1/2"]
[Round "04"]
[TimeControl "180+1"]
[Date "2022.03.02"]
[WhiteClock "0:01:23"]
[BlackClock "0:00:29"]

1. e4 c5 2. Nc3 d6 3. d4 cxd4 4. Qxd4 Nc6 5. Qd2 g6 6. b3 Bh6 7. f4 e5 8. g3 Nge7 9. Bb2 Be6 10. O-O-O Qa5 11. Kb1 O-O-O 12. Nge2 d5 13. Nxd5 Qxd2 14. Rxd2 Nxd5 15. exd5 Bxd5 16. Bh3+ f5 17. Rhd1 Bf3 18. Rxd8+ Rxd8 19. Rxd8+ Kxd8 20. Ng1 Be4 21. Bxe5 Nxe5 22. fxe5 Bg7 23. Bf1 Bxe5 24. Nh3 h6 25. Nf2 Bf3 26. Nd3 Bd4 27. Nf4 Bg1 28. h4 Bh2 29. Nxg6 Bxg3 30. Bd3 f4 31. Kc1 Bh5 32. Kd2 Bxg6 33. Bxg6 Bxh4 34. Ke2 Ke7 35. Kf3 Bg3 36. Be4 b6 37. a4 Kf6 38. Kg4 Ke5 39. Kf3 Be1 40. Bb7 Bd2 41. Bc8 h5 42. Bd7 h4 43. Bc8 Kd4 44. Bd7 Kc3 45. Bf5 h3 46. Bxh3 Kxc2 47. Be6 Kc3 48. Bf7 Kb4 49. Bg8 Be3 50. Bf7 Bc1 51. Be6 Be3 52. Bf7 Bc1 53. Bg8 Be3 54. Be6 Bc1 55. Bf7 Be3 56. Bg8 Bc1 57. Bf7 Be3 58. Be6 Bc1 59. Bf7 1/2-1/2


[Site "https://www.chess.com"]

[Event "Titled Tuesday Blitz March 01 Late 2022"]
[White "Nilsen, Tobias Lang"]
[Black "Vine, Elzbieta"]
[WhiteFideId "1521624"]
[BlackFideId "1119320"]
[WhiteElo "2013"]
[BlackElo "1860"]
[Result "1-0"]
[Round "04"]
[TimeControl "180+1"]
[Date "2022.03.02"]
[WhiteClock "0:02:14"]
[BlackClock "0:00:01"]

1. f4 c5 2. Nf3 d6 3. g3 Nf6 4. Bg2 Nc6 5. O-O g6 6. d3 Bg7 7. Nc3 O-O 8. e4 Bg4 9. h3 Be6 10. g4 d5 11. f5 gxf5 12. exf5 Bd7 13. Bg5 d4 14. Ne4 Nd5 15. Qd2 Rc8 16. Rae1 b6 17. Bh6 f6 18. Bxg7 Kxg7 19. Ng3 Rg8 20. Nh5+ Kh8 21. Qh6 Ne3 22. Nh4 Nxf1 23. Ng6+ Rxg6 24. fxg6 Ne3 25. Qxh7# 1-0


[Site "https://www.chess.com"]

[Event "Titled Tuesday Blitz March 01 Late 2022"]
[White "Novikova, Galina"]
[Black "Al-Tarboush, Ward"]
[WhiteFideId "4157095"]
[BlackFideId "7601450"]
[WhiteElo "1863"]
[BlackElo "2276"]
[Result "0-1"]
[Round "04"]
[TimeControl "180+1"]
[Date "2022.03.02"]
[WhiteClock "0:01:57"]
[BlackClock "0:01:40"]

1. e4 e6 2. Nf3 d5 3. e5 c5 4. b4 cxb4 5. a3 Nc6 6. axb4 Bxb4 7. c3 Be7 8. d4 Bd7 9. Bd3 b5 10. O-O a5 11. Nfd2 b4 12. Qg4 g6 13. c4 Nh6 14. Qh3 Nf5 15. cxd5 exd5 16. Bxf5 Bxf5 17. Qe3 O-O 18. Nb3 a4 19. Nc5 Bxc5 20. dxc5 d4 21. Qg3 a3 22. Bg5 Qc8 23. Bf6 Re8 24. Qg5 Re6 25. Qd2 Nxe5 26. Bg5 Qxc5 27. Qf4 b3 28. Rc1 b2 29. Rxc5 bxa1=Q 0-1


[Site "https://www.chess.com"]

[Event "Titled Tuesday Blitz March 01 Late 2022"]
[White "Osmonbekov, Talaibek"]
[Black "Arabidze, Meri"]
[WhiteFideId "2017253"]
[BlackFideId "13604040"]
[WhiteElo "2350"]
[BlackElo "2685"]
[Result "0-1"]
[Round "04"]
[TimeControl "180+1"]
[Date "2022.03.02"]
[WhiteClock "0:00:10"]
[BlackClock "0:00:40"]

1. d4 f5 2. Nc3 Nf6 3. e4 fxe4 4. Bg5 Nc6 5. f3 d5 6. Qd2 Bf5 7. O-O-O Qd7 8. Bb5 a6 9. Ba4 e6 10. Nge2 Bb4 11. Bxf6 gxf6 12. Qh6 exf3 13. gxf3 Rf8 14. Rhe1 O-O-O 15. a3 Ba5 16. Rg1 Qd6 17. Rg7 Kb8 18. Rdg1 Nxd4 19. Nxd4 Bxc3 20. Nxf5 exf5 21. bxc3 Qxa3+ 22. Kb1 Qxa4 23. Qxh7 Rd6 24. Kc1 Rb6 25. Qxf5 d4 26. Qd3 Qa1+ 27. Kd2 dxc3+ 28. Qxc3 Rd8+ 0-1


[Site "https://www.chess.com"]

[Event "Titled Tuesday Blitz March 01 Late 2022"]
[White "Pace, Christopher"]
[Black "Kanyamarala, Trisha"]
[WhiteFideId "2610167"]
[BlackFideId "45004722"]
[WhiteElo "2212"]
[BlackElo "2002"]
[Result "0-1"]
[Round "04"]
[TimeControl "180+1"]
[Date "2022.03.02"]
[WhiteClock "0:00:42"]
[BlackClock "0:00:38"]

1. d4 Nf6 2. c4 e6 3. Nf3 d5 4. Nc3 Bb4 5. cxd5 exd5 6. Bg5 h6 7. Bh4 O-O 8. Rc1 Bf5 9. e3 Nbd7 10. Bd3 Bxd3 11. Qxd3 c5 12. dxc5 Nxc5 13. Qd4 Bxc3+ 14. Rxc3 Nce4 15. Rc2 Qa5+ 16. b4 Qa4 17. Qb2 Rac8 18. Rxc8 Rxc8 19. Nd4 Qa6 20. f3 Qd3 21. fxe4 Qxe3+ 22. Ne2 Nxe4 23. Rf1 g5 24. Bf2 Qd3 25. Bxa7 Rc2 0-1


[Site "https://www.chess.com"]

[Event "Titled Tuesday Blitz March 01 Late 2022"]
[White "Papasimakopoulos, Alexandros"]
[Black "Bilych, Olexiy"]
[WhiteFideId "4244125"]
[BlackFideId "14156504"]
[WhiteElo "2743"]
[BlackElo "2547"]
[Result "0-1"]
[Round "04"]
[TimeControl "180+1"]
[Date "2022.03.02"]
[WhiteClock "0:01:07"]
[BlackClock "0:00:04"]

1. d4 Nf6 2. c4 g6 3. Nc3 Bg7 4. e4 d6 5. f3 O-O 6. Nge2 Nbd7 7. Be3 a6 8. Nc1 c5 9. Nb3 b6 10. Be2 e5 11. dxe5 dxe5 12. Nd5 Bb7 13. O-O Nxd5 14. cxd5 Nf6 15. a4 a5 16. Nd2 Ne8 17. Bb5 Nd6 18. Nc4 f5 19. Qd3 Nxc4 20. Bxc4 Qd6 21. f4 Rae8 22. fxe5 Bxe5 23. exf5 Bxh2+ 24. Kh1 gxf5 25. Rf3 Bc8 26. Raf1 Bg3 27. Bf4 Bxf4 28. Rxf4 Rf6 29. Kg1 Rg6 30. b3 Kg7 31. R4f3 Qe5 32. Rd1 Qe4 33. d6 Qxd3 34. Bxd3 Rxd6 35. Rdf1 Re5 36. Bxf5 Bxf5 37. Rxf5 Rxf5 38. Rxf5 Rd3 39. Rg5+ Kf6 40. Rh5 Kg6 41. Re5 Rxb3 42. Kf2 Kf6 43. Rh5 Kg6 44. Rd5 h5 45. g3 Rb4 46. Kg2 Kh6 47. Kh3 Kg6 48. Re5 c4 49. Kg2 c3 50. Re6+ Kf5 51. Rc6 Rxa4 52. Rxb6 Rc4 53. Rb5+ Ke4 54. Rxh5 c2 55. Rh4+ Kd3 56. Rh1 c1=Q 57. Rxc1 Rxc1 0-1


[Site "https://www.chess.com"]

[Event "Titled Tuesday Blitz March 01 Late 2022"]
[White "Paravyan, David"]
[Black "Buscar, Michael"]
[WhiteFideId "4194985"]
[BlackFideId "2603616"]
[WhiteElo "2569"]
[BlackElo "2010"]
[Result "1-0"]
[Round "04"]
[TimeControl "180+1"]
[Date "2022.03.02"]
[WhiteClock "0:00:10"]
[BlackClock "0:00:03"]

1. e4 c5 2. Nf3 Nc6 3. d4 cxd4 4. Nxd4 Nf6 5. Nc3 e5 6. Ndb5 h6 7. Nd6+ Bxd6 8. Qxd6 Qe7 9. Qxe7+ Kxe7 10. b3 Rd8 11. Ba3+ d6 12. O-O-O Nd4 13. f3 Be6 14. Nb5 Nxb5 15. Bxb5 a6 16. Be2 Rac8 17. Rd2 Ne8 18. Rhd1 f5 19. exf5 Bxf5 20. Kb2 Rc6 21. c4 Rdc8 22. f4 exf4 23. Bf3 R6c7 24. Rd4 g5 25. Bh5 b5 26. Bxe8 Kxe8 27. Bxd6 Rc6 28. c5 Rxc5 29. Bxc5 Rxc5 30. R1d2 Be6 31. Rd6 Ke7 32. Rxa6 Rf5 33. Re2 Rf6 34. h3 h5 35. Re5 g4 36. hxg4 hxg4 37. Re2 f3 38. gxf3 gxf3 39. Rf2 Rf5 40. Kc3 Kf6 41. Kd4 Rd5+ 42. Ke3 Ke5 43. Rxf3 Rc5 44. Kd2 Bf5 45. Re3+ Be4 46. Rc3 Rd5+ 47. Kc1 Kd4 48. Rc7 Rh5 49. Kb2 b4 50. Rc4+ Kd3 51. Rd6+ Ke3 52. Rxb4 Rh2+ 53. Ka3 Bb1 54. Rb8 Rxa2+ 55. Kb4 Rb2 56. Re8+ Kf4 57. Rf6+ Kg5 58. Rf1 1-0


[Site "https://www.chess.com"]

[Event "Titled Tuesday Blitz March 01 Late 2022"]
[White "Pinheiro, Iung Alicio de O."]
[Black "Sadilek, Peter"]
[WhiteFideId "2104350"]
[BlackFideId "1616439"]
[WhiteElo "2516"]
[BlackElo "2145"]
[Result "1-0"]
[Round "04"]
[TimeControl "180+1"]
[Date "2022.03.02"]
[WhiteClock "0:00:19"]
[BlackClock "0:00:11"]

1. e4 g6 2. d4 Bg7 3. Nc3 d6 4. Be3 a6 5. Qd2 b5 6. h4 h6 7. h5 g5 8. f4 gxf4 9. Bxf4 Bb7 10. a3 Nd7 11. Nf3 c5 12. dxc5 Nxc5 13. Qe3 Rc8 14. O-O-O Bxc3 15. Qxc3 Nf6 16. e5 Nfe4 17. Qe3 d5 18. Kb1 Qb6 19. e6 fxe6 20. Be5 Rf8 21. Bd4 Qc7 22. Ne5 Na4 23. Bd3 Nf2 24. Qxh6 Nxd3 25. cxd3 Qc2+ 26. Ka1 Rf2 27. Rc1 Qb3 28. Rxc8+ Bxc8 29. Qh8+ Rf8 30. Qg7 b4 31. Qg6+ Kd8 32. Nc6+ Kc7 33. Nxb4 Rf2 34. Qg3+ e5 35. Bxe5+ Kb7 36. Qxf2 a5 37. Na2 Nc5 38. Qxc5 Qb6 39. Qxb6+ Kxb6 40. Bd4+ Kb5 41. h6 Ba6 42. h7 Ka4 43. h8=Q Bxd3 44. Qe5 Bc4 45. Nc3+ Kb3 46. Qb8+ Kc2 47. Rd1 Bb3 48. Qg3 Bc4 49. Qe3 Kb3 50. Nb1+ Ka4 51. Qc3 Kb5 52. Rc1 a4 53. Qd2 Kc6 54. Nc3 Kd7 55. Qg5 e5 56. Qxe5 Kc6 57. Ne4 Kb5 58. Nd6+ Ka5 59. Nxc4+ Kb5 60. Qxd5+ Ka6 61. Qc6# 1-0


[Site "https://www.chess.com"]

[Event "Titled Tuesday Blitz March 01 Late 2022"]
[White "Plotnikov, Pavel"]
[Black "Dourerassou, Jonathan"]
[WhiteFideId "4170342"]
[BlackFideId "628050"]
[WhiteElo "2520"]
[BlackElo "2736"]
[Result "0-1"]
[Round "04"]
[TimeControl "180+1"]
[Date "2022.03.02"]
[WhiteClock "0:02:26"]
[BlackClock "0:02:06"]

1. e4 c5 2. c3 d5 3. exd5 Qxd5 4. d4 Nc6 5. Nf3 Bg4 6. Be2 cxd4 7. cxd4 Nf6 8. O-O e6 9. h3 Bh5 10. Nc3 Qd8 11. Qb3 Qb6 12. Qxb6 axb6 13. Nb5 Nd5 14. g4 Bg6 15. Ne5 f6 16. Nxg6 hxg6 17. Kg2 Ra5 18. Bd2 Bb4 19. Bxb4 Ncxb4 20. a3 Nf4+ 21. Kf3 Nbd5 22. Rh1 Nxe2 23. Kxe2 Rxb5 24. b4 Nf4+ 25. Kf3 g5 0-1


[Site "https://www.chess.com"]

[Event "Titled Tuesday Blitz March 01 Late 2022"]
[White "Ponkratov, Pavel"]
[Black "Gutenev, Alexander"]
[WhiteFideId "4157800"]
[BlackFideId "4195540"]
[WhiteElo "2487"]
[BlackElo "2403"]
[Result "1-0"]
[Round "04"]
[TimeControl "180+1"]
[Date "2022.03.01"]
[WhiteClock "0:00:33"]
[BlackClock "0:00:10"]

1. c4 Nf6 2. Nc3 d5 3. cxd5 Nxd5 4. g3 g6 5. Bg2 Nxc3 6. bxc3 Bg7 7. h4 h5 8. Nf3 O-O 9. Ng5 c5 10. Rb1 Nc6 11. Qa4 Qc7 12. Qb5 Ne5 13. Ba3 Bf5 14. Rc1 Rac8 15. O-O b6 16. d4 Bd7 17. Qa6 Ng4 18. Rfd1 Bh6 19. dxc5 bxc5 20. Bb7 Rb8 21. Bd5 e6 22. Bg2 Bb5 23. Qd6 Qxd6 24. Rxd6 Bxe2 25. Bxc5 Rfc8 26. Bxa7 Rb2 27. Ra1 Bc4 28. a4 Bg7 29. Ne4 f5 30. Nd2 Bd5 31. Bxd5 exd5 32. Rxd5 Bxc3 33. Rd1 Ra8 34. Bd4 Rxd2 35. Bxc3 Rxd1+ 36. Rxd1 Rxa4 37. Rd6 Kf7 38. f3 Ra3 39. Rc6 Ne3 40. Bd4 Nd5 41. Kf2 Ra2+ 42. Ke1 Ra3 43. Ke2 Ra2+ 44. Ke1 Ra3 45. Rd6 Ne7 46. Rf6+ Ke8 47. Re6 Kf7 48. Rxe7+ 1-0


[Site "https://www.chess.com"]

[Event "Titled Tuesday Blitz March 01 Late 2022"]
[White "Prohorov, Olexandr"]
[Black "Estrada Nieto, Julian"]
[WhiteFideId "14105578"]
[BlackFideId "5101018"]
[WhiteElo "1993"]
[BlackElo "2246"]
[Result "0-1"]
[Round "04"]
[TimeControl "180+1"]
[Date "2022.03.02"]
[WhiteClock "0:00:14"]
[BlackClock "0:00:07"]

1. Nf3 d5 2. d4 Nf6 3. c4 dxc4 4. e3 e6 5. Bxc4 c5 6. O-O a6 7. dxc5 Bxc5 8. Qe2 Nc6 9. a3 Qc7 10. b4 Bd6 11. Nc3 Ne5 12. Nxe5 Bxe5 13. Bb2 b5 14. Bb3 Bxc3 15. Rac1 Ne4 16. Bxc3 Nxc3 17. Qd3 Bb7 18. Rxc3 Qe5 19. Rfc1 O-O 20. Rc7 Rad8 21. Qe2 Bd5 22. Bxd5 Rxd5 23. Rc8 Rfd8 24. g3 g6 25. h4 Kg7 26. Qf3 Rxc8 27. Rxc8 Rd3 28. Qa8 Qd5 29. Rg8+ Kf6 30. Qxd5 exd5 31. Rd8 Ke7 32. Ra8 Rxa3 33. Ra7+ Ke6 34. Kg2 Ra4 35. Kf3 Rxb4 36. Rxa6+ Ke7 37. Ra7+ Kf6 38. Rb7 Rb2 39. g4 h6 40. Rb6+ Ke5 41. g5 hxg5 42. hxg5 d4 43. exd4+ Kxd4 44. Rf6 Rb3+ 45. Kf4 Rb2 46. f3 b4 47. Rxf7 b3 48. Rd7+ Kc3 49. Rc7+ Kd2 50. Ke4 Rb1 51. f4 b2 52. Rd7+ Kc3 53. Ke5 Re1+ 54. Kf6 Re4 55. Rb7 Rb4 56. Rxb4 Kxb4 57. Kxg6 b1=Q+ 58. f5 Kc5 59. Kf6 Kd6 60. g6 Qb2+ 61. Kf7 Qe5 62. g7 Qxf5+ 63. Kg8 Ke7 64. Kh8 Qf6 65. Kh7 Qh4+ 66. Kg8 Kf6 67. Kf8 Qh6 0-1


[Site "https://www.chess.com"]

[Event "Titled Tuesday Blitz March 01 Late 2022"]
[White "Przybylski, Wojciech"]
[Black "Srebrnic, Marko"]
[WhiteFideId "1117599"]
[BlackFideId "14603616"]
[WhiteElo "2133"]
[BlackElo "2340"]
[Result "1-0"]
[Round "04"]
[TimeControl "180+1"]
[Date "2022.03.02"]
[WhiteClock "0:00:13"]
[BlackClock "0:00:05"]

1. e4 c5 2. Nf3 e6 3. d4 cxd4 4. Nxd4 Nc6 5. Nc3 Bb4 6. Be2 d5 7. exd5 Qxd5 8. Bf3 Qe5+ 9. Be3 Nxd4 10. Qxd4 Qxd4 11. Bxd4 Nf6 12. O-O-O O-O 13. Nb5 Bd7 14. a3 Bxb5 15. axb4 Nd5 16. Bxd5 exd5 17. Bc3 Rad8 18. Rhe1 Rd7 19. h4 f6 20. h5 h6 21. Rd4 Kf7 22. Kd2 Re8 23. Rxe8 Kxe8 24. Rg4 Kf7 25. Bd4 b6 26. Be3 Re7 27. f3 Re5 28. Rh4 Ke7 29. b3 Be8 30. g4 Bb5 31. Rh2 Kd7 32. Rf2 Re8 33. c3 Rf8 34. f4 Kd6 35. Rg2 Ke6 36. g5 Kf5 37. gxh6 gxh6 38. Rg6 Be8 39. Rxh6 Bf7 40. Rh7 Ke6 41. h6 Kf5 42. Rg7 Bg6 43. Rxa7 Rh8 44. h7 Rxh7 45. Rxh7 Bxh7 46. c4 Ke6 47. Bxb6 dxc4 48. bxc4 Be4 49. Kc3 f5 50. Kd4 Kd6 51. Bc5+ Kc6 52. b5+ Kc7 53. Bb4 Bf3 54. Ba5+ Kb7 55. c5 Be2 56. c6+ Kc8 57. Kc5 Bf3 58. Bc3 Be2 59. Be5 Bf3 60. b6 1-0


[Site "https://www.chess.com"]

[Event "Titled Tuesday Blitz March 01 Late 2022"]
[White "Riazantsev, Alexander"]
[Black "Piesik, Piotr"]
[WhiteFideId "4125029"]
[BlackFideId "1136194"]
[WhiteElo "2595"]
[BlackElo "2232"]
[Result "1/2-1/2"]
[Round "04"]
[TimeControl "180+1"]
[Date "2022.03.01"]
[WhiteClock "0:00:10"]
[BlackClock "0:00:34"]

1. d4 c5 2. d5 e5 3. e4 d6 4. Nc3 Be7 5. Bb5+ Nd7 6. a4 Bg5 7. Nf3 Bxc1 8. Qxc1 Ne7 9. O-O O-O 10. a5 a6 11. Bd3 h6 12. Nd2 f5 13. Nc4 Nf6 14. Nb6 Rb8 15. Nxc8 Qxc8 16. exf5 Nxf5 17. Na4 Nd4 18. Nb6 Qg4 19. f3 Qh4 20. Ra4 Qg5 21. Qxg5 hxg5 22. c3 Nb5 23. Bxb5 axb5 24. Ra3 c4 25. b3 Rbd8 26. bxc4 bxc4 27. Ra4 g4 28. Rxc4 gxf3 29. Rxf3 e4 30. Re3 Rfe8 31. h3 Re5 32. Rd4 Rde8 33. c4 Kf7 34. Rd2 g5 35. Rf2 Kg6 36. g4 Rh8 37. Kg2 Re7 38. Re1 e3 39. Rf3 e2 40. Rf2 Rhe8 41. c5 dxc5 42. d6 Re4 43. d7 Rd8 44. Rexe2 Rxe2 45. Rxe2 Kf7 46. Re5 Nxd7 47. Nxd7 Rxd7 48. Rxg5 Rc7 49. Rf5+ Ke6 50. Kf3 c4 51. Ke2 c3 52. Kd1 c2+ 53. Kc1 Rc3 54. h4 Rc4 55. Rg5 Kf6 56. Rg8 Kf7 57. Rg5 Kf6 58. Rb5 Rxg4 59. Rxb7 Rxh4 60. a6 Ra4 61. a7 Ra2 62. Rc7 Ke6 63. Rxc2 Rxa7 64. Kb1 Rb7+ 65. Rb2 Rxb2+ 66. Kxb2 1/2-1/2


[Site "https://www.chess.com"]

[Event "Titled Tuesday Blitz March 01 Late 2022"]
[White "Riehle, Marco"]
[Black "Bryakin, Mikhail"]
[WhiteFideId "12904392"]
[BlackFideId "4165314"]
[WhiteElo "2551"]
[BlackElo "2768"]
[Result "0-1"]
[Round "04"]
[TimeControl "180+1"]
[Date "2022.03.02"]
[WhiteClock "0:00:07"]
[BlackClock "0:00:17"]

1. e4 e6 2. c4 d5 3. cxd5 exd5 4. Qb3 Ne7 5. e5 c5 6. f4 Nbc6 7. Nf3 Qb6 8. Qxb6 axb6 9. Bb5 Bd7 10. Nc3 g6 11. Bxc6 bxc6 12. d4 c4 13. Be3 b5 14. O-O Nf5 15. Bf2 h5 16. a3 Be7 17. g3 O-O 18. Kg2 Rfb8 19. h3 b4 20. axb4 Bxb4 21. Rh1 Bxc3 22. bxc3 Rxa1 23. Rxa1 Rb2 24. Ra7 Be6 25. Ng5 Ne3+ 26. Kf3 Nd1 27. Be1 Rb3 28. Nxe6 fxe6 29. Ra8+ Kf7 30. Ra7+ Ke8 31. Ra8+ Kd7 32. Ra7+ Kd8 33. Ra8+ Kc7 34. Ra7+ Kc8 35. Re7 Nxc3 36. Rxe6 Ne4+ 37. Kg2 Kd7 38. Rxg6 c3 39. Rg7+ Ke8 40. Rc7 Rb6 41. Bxc3 Nxc3 42. f5 Nb5 43. Rc8+ Kd7 44. Rh8 Nxd4 45. e6+ Ke7 46. Rh7+ Kd8 47. Rh8+ Ke7 48. Rh7+ Kf8 49. e7+ Ke8 50. f6 Rb2+ 51. Kf1 Rb1+ 52. Kf2 Rb2+ 53. Ke1 Re2+ 54. Kf1 Re6 55. Rh8+ Kf7 56. Rf8+ Kg6 57. e8=Q+ Rxe8 58. Rxe8 Kxf6 59. Rh8 Kg6 60. Rd8 Nf5 61. Kf2 Kf6 62. g4 hxg4 63. hxg4 Ne7 64. Kg3 c5 65. Kh4 c4 66. g5+ Kf5 67. Rf8+ Ke5 68. Rf3 d4 69. Kh5 c3 70. Rf1 c2 71. Re1+ Kd6 72. Rg1 d3 73. Kh6 d2 74. g6 d1=Q 75. Rg5 Qh1+ 76. Kg7 c1=Q 77. Kf8 Qxg5 78. g7 Qa8+ 79. Kf7 Qg6# 0-1


[Site "https://www.chess.com"]

[Event "Titled Tuesday Blitz March 01 Late 2022"]
[White "Romanchuk, Viktor"]
[Black "Wu, Sibo"]
[WhiteFideId "14109271"]
[BlackFideId "8606048"]
[WhiteElo "2242"]
[BlackElo "2316"]
[Result "1-0"]
[Round "04"]
[TimeControl "180+1"]
[Date "2022.03.02"]
[WhiteClock "0:00:42"]
[BlackClock "0:00:01"]

1. d4 Nf6 2. c4 e6 3. Nc3 c5 4. d5 exd5 5. cxd5 d6 6. e4 g6 7. f4 Bg7 8. Nf3 O-O 9. Be2 Nbd7 10. O-O Re8 11. Nd2 a6 12. a4 Rb8 13. Kh1 c4 14. e5 dxe5 15. Nxc4 e4 16. Be3 Nf8 17. Bb6 Qd7 18. Ba7 Ra8 19. Nb6 Rxa7 20. Nxd7 N8xd7 21. a5 b6 22. axb6 Nxb6 23. Ra5 Rd8 24. Qb3 Nbd7 25. d6 Rb7 26. Qa2 Rb6 27. Bc4 Rf8 28. Rd1 Bb7 29. Bxa6 Ng4 30. Kg1 e3 31. Bxb7 Rxb7 32. Ra7 Rxa7 33. Qxa7 Ndf6 34. h3 Nf2 35. Qxe3 Nxd1 36. Nxd1 Nd5 37. Qd2 Nb6 38. Nc3 Rd8 39. Nb5 Nc4 40. Qc2 Ne3 41. Qc7 Rf8 42. d7 Bf6 43. Kf2 Nf5 44. g4 Ne7 45. Nd6 1-0


[Site "https://www.chess.com"]